 Dungeon Crawl Stone Soup version 0.29-a0-559-g359e09b9d1 (webtiles) character file.

Game seed: 3257200825005806229

889548 Essalna the Conqueror (level 27, 0/354 HPs)
             Began as a Purple Draconian Transmuter on June 7, 2022.
             Was the Champion of the Shining One.
             Slain by Cerebov
             ... wielding the +6 sword of Cerebov {flame}
              (47 damage)
             ... in Pandemonium on June 10, 2022.
             The game lasted 05:02:23 (112725 turns).

Essalna the Conqueror (DrTm)                      Turns: 112725, Time: 05:02:24

Health: 0/354      AC: 35    Str: 16      XL:     27
Magic:  0/37       EV: 18    Int: 21 (23) God:    the Shining One [******]
Gold:   9669       SH:  0    Dex:  9 (11) Spells: 20/54 levels left

rFire   + + .      SeeInvis .     - Unarmed
rCold   + . .      Faith    .   (no shield)
rNeg    + + +      Spirit   +   (body armour unavailable)
rPois   ∞          Reflect  .   d - +1 hat "Quezuet" {rF++ Will+ Regen+}
rElec   +          Harm     .   U - scarf {repulsion}
rCorr   .          Rampage  .   (gloves currently unavailable)
Will    +++++                   (boots currently unavailable)
Stlth   +.........              P - amulet of Baymafigg {Spirit rF+ rC+ MP+9}
HPRegen 1.49/turn               L - +4 ring of slaying
MPRegen 0.25/turn               E - +4 ring of protection

@: statue-form, fire vulnerable, glowing, studying 4 skills, repel missiles,
unable to read, very slow
A: slow and powerful, torment resistance 1, boosted hp, (breathe power), AC +13,
unfitting armour, cold-blooded, antennae 1, stinger 1, clumsy 1, deterioration
2, low MP 3, screaming 2, inability to read while threatened
}: 9/15 runes: serpentine, barnacled, slimy, silver, abyssal, demonic, glowing,
magical, dark
a: End Transformation, Renounce Religion, Divine Shield, Cleansing Flame, Summon
Divine Warrior, Brand Weapon With Holy Wrath


You were in Pandemonium.
You worshipped the Shining One.
The Shining One was exalted by your worship.
You were a living statue of rough stone.
You visited 12 branches of the dungeon, and saw 53 of its levels.
You visited Pandemonium 1 time, and saw 14 of its levels.
You visited the Abyss 3 times.
You also visited: Sewer and Ice Cave.

You collected 10213 gold pieces.
You spent 544 gold pieces at shops.

Inventory:

Armour
 d - the +1 hat "Quezuet" (worn) {rF++ Will+ Regen+}
   (You found it in an ice cave)

   rF:        It greatly protects you from fire.
   Regen:     It increases your rate of health regeneration.
   Will:      It increases your willpower.
 B - the +1 pair of gloves of the Poles (melded) {rElec Int+3}
   (You found it on level 1 of the Vaults)

   Int:       It affects your intelligence (+3).
   rElec:     It insulates you from electricity.
 U - a scarf of repulsion (worn)
 Z - a +2 pair of boots (melded)
Magical Staves
 M - a staff of earth
Jewellery
 i - a ring of magical power
 k - the amulet of the Four Winds {rN+ Will+++ Clar}
   (You found it on level 5 of the Vaults)

   [amulet of nothing]

   rN:        It protects you from negative energy.
   Clar:      It protects you against confusion.
   Will:      It greatly increases your willpower.
 l - an amulet of magic regeneration
 m - a ring of fire
 r - the ring of Niomuatid {MP-9 Str+6 Int+4 Dex+6}
   (You found it on level 3 of the Crypt)

   [ring of dexterity]

   Str:       It affects your strength (+6).
   Int:       It affects your intelligence (+4).
   Dex:       It affects your dexterity (+6).
   MP:        It affects your magic capacity (-9).
 u - a ring of protection from fire
 x - a +6 ring of intelligence
 y - a ring of magical power
 C - a +6 ring of dexterity
 E - a +4 ring of protection (right fist)
 H - the ring "Vimuj" {Ice +Blink rPois Str-5 Dex+4}
   (You found it in an ice cave)

   [ring of ice]

   It enhances your ice magic.
   Str:       It affects your strength (-5).
   Dex:       It affects your dexterity (+4).
   rF:        It makes you vulnerable to fire.
   rC:        It protects you from cold.
   rPois:     It protects you from poison.
   +Blink:    It lets you blink.
 L - a +4 ring of slaying (left fist)
 N - the amulet "Ymohe" {Faith Rampage rF+++ Int-2 SInv}
   (You took it off a deep elf death mage on level 3 of the Elven Halls)

   [amulet of faith]

   It allows you to gain divine favour quickly.
   Int:       It affects your intelligence (-2).
   rF:        It renders you almost immune to fire.
   SInv:      It lets you see invisible.
   Rampage:   It bestows one free step when moving towards enemies.
 O - a ring of see invisible
 P - the amulet of Baymafigg (around neck) {Spirit rF+ rC+ MP+9}
   (You found it in Pandemonium)

   [amulet of guardian spirit]

   It causes incoming damage to be divided between your reserves of health and
   magic.
   rF:        It protects you from fire.
   rC:        It protects you from cold.
   MP:        It affects your magic capacity (+9).
 T - a +6 ring of dexterity
 V - a +6 ring of intelligence
 W - the amulet of Moniteucs {Spirit rPois rF- Str+3}
   (You found it on level 1 of the Vaults)

   [amulet of guardian spirit]

   It causes incoming damage to be divided between your reserves of health and
   magic.
   Str:       It affects your strength (+3).
   rF:        It makes you vulnerable to fire.
   rPois:     It protects you from poison.
 X - a ring of resist corrosion
Wands
 A - a wand of mindburst (28)
 F - a wand of digging (11)
 Q - a wand of iceblast (37)
 Y - a wand of acid (16)
Scrolls
 a - 3 scrolls of brand weapon
 b - 10 scrolls of immolation
 g - 7 scrolls of fear
 h - 13 scrolls of teleportation
 n - 4 scrolls of magic mapping
 s - 7 scrolls of enchant weapon
 w - 19 scrolls of amnesia
 G - 8 scrolls of enchant armour
 J - 7 scrolls of fog
 K - 8 scrolls of blinking
 R - 2 scrolls of silence
Potions
 c - 11 potions of flight
 e - 2 potions of resistance
 f - 5 potions of berserk rage
 j - 34 potions of curing
 o - 7 potions of ambrosia
 p - 8 potions of attraction
 q - 6 potions of invisibility
 t - 7 potions of might
 v - 9 potions of heal wounds
 z - 13 potions of brilliance
 D - a potion of haste
 I - 5 potions of magic
 S - 12 potions of mutation


   Skills:
 O Level 27 Fighting
 + Level 19.0 Dodging
 O Level 27 Unarmed Combat
 - Level 14.0 Spellcasting
 - Level 9.0 Conjurations
 + Level 26.7 Transmutations
 - Level 5.1 Ice Magic
 + Level 21.2 Earth Magic


You had 20 spell levels left.
You knew the following spells:

 Your Spells              Type           Power      Damage    Failure   Level
a - Beastly Appendage     Tmut           100%       N/A       0%          1
b - Ice Form              Ice/Tmut       69%        N/A       1%          4
c - Irradiate             Conj/Tmut      37%        3d25      1%          5
d - Spider Form           Tmut/Pois      63%        N/A       1%          3
e - Dragon Form           Tmut           45%        N/A       1%          7
f - Statue Form           Tmut/Erth      57%        N/A       1%          6
g - Ozocubu's Armour      Ice            36%        N/A       1%          3
h - Blade Hands           Tmut           45%        N/A       0%          5

Your spell library contained the following spells:

 Spells                   Type           Power      Damage    Failure   Level
 Sandblast                Erth           100%       2d20      0%          1
 Wereblood                Tmut           91%        N/A       0%          2
 Foxfire                  Conj/Fire      100%       2x1d9     1%          1
 Freeze                   Ice            100%       1d11      1%          1
 Magic Dart               Conj           100%       1d8       1%          1
 Shock                    Conj/Air       100%       1d9       1%          1
 Sting                    Tmut/Pois      100%       1d8       1%          1
 Static Discharge         Conj/Air       33%        N/A       1%          2
 Conjure Flame            Conj/Fire      33%        6-21      1%          3
 Frozen Ramparts          Ice            72%        1d9       1%          3
 Ignite Poison            Fire/Tmut/Pois 51%        N/A       1%          3
 Leda's Liquefaction      Hex/Erth       28%        N/A       1%          4
 Alistair's Intoxication  Tmut/Pois      42%        N/A       1%          5
 Borgnjor's Vile Clutch   Necr/Erth      28%        N/A       1%          5
 Lee's Rapid Deconstruct  Erth           40%        3d21*     1%          5
 Yara's Violent Unravell  Hex/Tmut       31%        3d13      1%          5
 Iron Shot                Conj/Erth      33%        9d7       1%          6
 Hailstorm                Conj/Ice       44%        3d10      2%          4
 Eringya's Noxious Bog    Tmut/Pois      31%        N/A       2%          6
 Mephitic Cloud           Conj/Pois/Air  27%        N/A       3%          3
 Apportation              Tloc           28%        N/A       4%          1
 Slow                     Hex            56%        N/A       4%          1
 Summon Small Mammal      Summ           56%        N/A       4%          1
 Call Imp                 Summ           14%        N/A       6%          2
 Poisonous Vapours        Pois/Air       28%        N/A       6%          2
 Scorch                   Fire           28%        2d6       6%          2
 Flame Wave               Conj/Fire      33%        2d8       7%          4
 Sticky Flame             Conj/Fire      33%        2d5       7%          4
 Call Canine Familiar     Summ           14%        N/A       13%         3
 Confusing Touch          Hex            14%        N/A       13%         3
 Gell's Gravitas          Tloc           14%        N/A       13%         3
 Inner Flame              Hex/Fire       14%        N/A       13%         3
 Portal Projectile        Hex/Tloc       28%        N/A       13%         3
 Summon Guardian Golem    Hex/Summ       14%        N/A       13%         3
 Swiftness                Air            14%        N/A       13%         3
 Teleport Other           Tloc           14%        N/A       13%         3
 Tukima's Dance           Hex            14%        N/A       13%         3
 Vampiric Draining        Necr           14%        2d7       13%         3
 Summon Ice Beast         Ice/Summ       25%        N/A       14%         4
 Fireball                 Conj/Fire      16%        3d8       19%         5
 Lightning Bolt           Conj/Air       16%        1d30      19%         5
 Airstrike                Air            7%         N/A       38%         4
 Anguish                  Hex/Necr       7%         N/A       38%         4
 Cause Fear               Hex            7%         N/A       38%         4
 Corpse Rot               Necr/Pois/Air  14%        N/A       38%         4
 Dispel Undead            Necr           14%        3d10      38%         4
 Olgreb's Toxic Radiance  Pois           14%        N/A       38%         4
 Passage of Golubria      Tloc           14%        N/A       38%         4
 Summon Lightning Spire   Summ/Air       14%        N/A       38%         4
 Metabolic Englaciation   Hex/Ice        12%        N/A       38%         5
 Starburst                Conj/Fire      16%        6d6       71%         6
 Summon Forest            Summ/Tloc      7%         N/A       75%         5
 Simulacrum               Ice/Necr       12%        N/A       92%         6
 Dispersal                Tloc           7%         N/A       100%        6
 Summon Cactus Giant      Summ           7%         N/A       100%        6
 Enfeeble                 Hex            7%         N/A       100%        7
 Borgnjor's Revivificati  Necr           7%         N/A       100%        8
 Disjunction              Tloc           7%         N/A       100%        8
 Ignition                 Fire           7%         3d4       100%        8
 Maxwell's Capacitive Co  Air            7%         ∞         100%        8
 Dragon's Call            Summ           7%         N/A       100%        9
 Animate Armour           Summ/Erth      Unusable   N/A       N/A         4

Dungeon Overview and Level Annotations

Branches:
Dungeon (15/15)            Temple (1/1) D:5            Lair (6/6) D:9
 Shoals (4/4) Lair:2        Snake (4/4) Lair:3        Slime (5/5) Lair:5
    Orc (2/2) D:12            Elf (3/3) Orc:2        Vaults (5/5) D:13
  Crypt (3/3) Vaults:3       Tomb (0/3) Crypt:3      Depths (4/4) D:15
   Hell (visited)             Dis (0/7) Hell            Coc (0/7) Hell
    Zot (0/5) Depths:4      Sewer (visited)           IceCv (visited)
    Geh: Hell:1         Tar: Hell:1

Altars:
Ashenzari
Cheibriados
Dithmenos
Elyvilon
Fedhas
Gozag
Hepliaklqana
Kikubaaqudgha
Makhleb
Nemelex Xobeh
Okawaru
Qazlal
Ru
Sif Muna
Trog
Uskayaw
Vehumet
Wu Jian
Xom
Yredelemnul
Zin
The Shining One
Beogh
Jiyva
Lugonu

Shops:
D:9 *   D:12 (   D:14 (   Orc:2 !?[(   Elf:1 !   Elf:2 :?   Shoals:2 *
Shoals:3 ([   Vaults:1 [   Vaults:2 *

Portals:
Hell: Depths:1 Depths:2 Depths:3 Depths:4
Abyss: Depths:1 Depths:2 Depths:3
Pandemonium: Depths:2
Ziggurat: Depths:1

Annotations:
Snake:2 2 transporters
Crypt:1 1 transporter
Pan Cerebov


Innate Abilities, Weirdness & Mutations

You are a living statue of rough stone.
Your actions are slow, but your melee attacks are powerful.
You are resistant to unholy torment.
Your maximum health is greatly increased.
You are immune to poison.
Your equipment is partially melded.
((You can breathe bolts of dispelling energy.))
((Your rich purple scales are hard. (AC +13)))
You cannot fit into any form of body armour.
You are cold-blooded and may be slowed by cold attacks.
You have a pair of small antennae on your head.
Your tail ends in a venomous barb.
You are clumsy. (Dex -2)
Your body often deteriorates upon taking damage.
Your magical capacity is extremely low. (-30% MP)
You frequently scream uncontrollably at your foes.
You sometimes lose the ability to read scrolls when taking damage.


Message History

The hellion hits you but does no damage.
The hellion completely misses you. The balrug barely misses you.
You hear a roar!
You pummel Cerebov like a punching bag!!!
You tail-slap Cerebov. You punch Cerebov!
Cerebov is severely wounded.
You hear a shout!
Cerebov hits you with the +6 sword of Cerebov {flame}!!!
* * * LOW HITPOINT WARNING * * *
Cerebov burns you.
* * * LOW HITPOINT WARNING * * *
The balrug hits you but does no damage. x2; The hellion misses you.
The hellion hits you but does no damage.
The balrug gestures at you.
The sticky flame is repelled.
The sticky flame hits the hellion!
The hellion is covered in liquid flames!
You pummel Cerebov!! You punch Cerebov, but do no damage.
Cerebov is severely wounded.
You feel less vulnerable to fire.
The hellion burns!
Cerebov hits you with the +6 sword of Cerebov {flame}!!!
* * * LOW HITPOINT WARNING * * *
Your body deteriorates!
You feel dopey. Cerebov burns you.
* * * LOW HITPOINT WARNING * * *
The sword of Cerebov burns away your fire resistance.
The balrug misses you.
The balrug hits you with a +1 demon whip of flaming!
* * * LOW HITPOINT WARNING * * *
You are engulfed in flames!
You resist.
* * * LOW HITPOINT WARNING * * *
The balrug gestures at you.
The sticky flame is repelled.
The sticky flame hits the hellion!
The hellion is covered in liquid flames!
The hellion hits you.
* * * LOW HITPOINT WARNING * * *
The hellion hits you but does no damage.
You feel much better.
The hellion burns!
Cerebov hits you with the +6 sword of Cerebov {flame}!!!
You die...

#.......###..
≈≈........##.......# #..
#≈≈≈....#.##.....).# #..
#≈≈≈≈.....##.......# #..
#≈≈≈≈≈..#.#####....###..
..≈≈≈≈....#$..#......'..
#....≈≈[...#}.}#....###..
...........222.')||#....# #..
..........≈≈&82.# #....# ###
≈≈.......≈≈≈≈2...# #...##
≈≈≈≈≈.....≈≈≈≈≈..#.#####..∩#
.≈≈≈≈≈≈≈≈≈≈≈≈≈...).##......#
..≈≈≈≈≈≈≈≈≈≈≈....#.##......######
....≈≈≈≈≈≈≈........##...)........
.....≈≈≈≈≈......##.##.....#######
.......≈.......##..##......####..
.#.#.....).#.#.#..###........##..


You could see Cerebov (fast), 3 balrugs and 2 hellions.

Vanquished Creatures
  the Royal Jelly (Slime:5)
  Gloorx Vloq (Pan)
  Lom Lobon (Pan)
  2 dread liches
  Mnoleg (Pan)
  An ancient lich (Vaults:5)
  Mara (Depths:1)
  The ghost of Amohu the Conqueror, a veteran MiBe of Trog (Depths:1)
  A juggernaut (Depths:3)
  Vv (Crypt:1)
  Bai Suzhen (Depths:1)
  Margery (Crypt:1)
  Vashnia (Snake:2)
  Saint Roka (Depths:4)
  3 caustic shrikes
  Xtahua (Vaults:4)
  Geryon (Hell)
  9 pandemonium lords (Pan)
  2 curse toes (Crypt:3)
  4 golden dragons
  3 bone dragons
  2 Tzitzimimeh (Pan)
  8 tentacled monstrosities
  4 hellephants
  6 Brimstone Fiends (Pan)
  8 liches
  A walking frostbound tome (Depths:2)
  2 shard shrike skeletons
  12 titans
  A walking earthen tome (Depths:2)
  3 deep elf blademasters
  2 deep elf master archers (Elf:3)
  Asterion (Depths:2)
  11 ancient champions
  2 quicksilver dragons (Vaults:5)
  31 acid blobs
  5 sphinxes
  An eldritch tentacle (Pan)
  5 tentacled starspawn
  Gastronok (D:8)
  32 Executioners (Pan)
  6 shadow dragons
  4 storm dragons
  Donald (Elf:1)
  Kirke (Snake:3)
  4 tengu reavers
  9 demonspawn warmongers (Pan)
  8 fire giants
  The ghost of Regoshi the Warrior, an adept DsFi of Qazlal (Shoals:3)
  The ghost of Kerestru the Warrior, an adept GrFi of Jiyva (Elf:1)
  Roxanne (Snake:3)
  8 azure jellies
  12 nagarajas
  2 revenants
  4 deep elf sorcerers
  13 vault wardens
  A fenstrider witch (shapeshifter) (Vaults:1)
  12 rockslimes
  4 iron dragons
  The ghost of Bruhh the Lord of Darkness, a journeyman OgNe of Kikubaaqudgha (D:12)
  Aizul (Shoals:2)
  An angel (Pan)
  27 balrugs
  20 cacodemons (Pan)
  Louise (D:14)
  17 frost giants
  2 draconian scorchers (Depths:4)
  3 orc warlords
  4 curse skulls
  10 ghouls
  A war gargoyle (Vaults:5)
  4 demonspawn corrupters (Pan)
  4 deep elf elementalists (Elf:3)
  A caustic shrike zombie (D:15)
  3 draconian annihilators (Pan)
  22 ironbound preservers
  5 quicksilver oozes
  11 demonspawn blood saints (Pan)
  5 spriggan defenders
  A rockslime zombie (Crypt:3)
  34 very ugly things
  A juggernaut skeleton (Pan)
  21 stone giants
  8 ironbound thunderhulks
  2 vampire knights
  14 deep elf annihilators
  10 deep elf demonologists
  33 reapers
  2 green draconians (Depths:4)
  4 entropy weavers
  13 lorocyprocas (Pan)
  3 spark wasps
  A white draconian (IceCv)
  Azrael (Snake:3)
  7 dire elephants
  17 demonspawn black suns (Pan)
  2 yellow draconians
  An iron golem (Hell)
  6 eidola
  A crystal guardian (Depths:1)
  Josephine (Snake:1)
  10 deep elf death magi
  23 green deaths
  13 ettins
  21 blizzard demons
  A spriggan zombie (D:15)
  3 great orbs of eyes
  12 merfolk impalers
  A quicksilver dragon zombie (D:15)
  6 fire dragons
  9 merfolk javelineers
  7 deep elf high priests
  10 jiangshi
  14 yaktaur captains
  5 merfolk avatars
  7 hell beasts (Pan)
  A peacekeeper (Vaults:1)
  38 vault guards
  Erolcha (D:9)
  A fenstrider witch zombie (Crypt:1)
  2 salamander tyrants (Snake:4)
  7 hydras
  10 ogre magi
  7 ice dragons
  5 anacondas
  A catoblepas (D:13)
  A fenstrider witch skeleton (Pan)
  17 centaur warriors
  4 spriggan air magi
  3 spriggan skeletons
  3 boulder beetles
  14 ironbound frosthearts
  25 two-headed ogres
  An Orb Guardian skeleton (Crypt:2)
  4 satyrs
  8 naga warriors
  4 death knights
  A satyr (shapeshifter) (Vaults:5)
  An alligator (Lair:6)
  12 merfolk aquamancers
  27 dancing weapons
  5 deep troll shamans
  A tengu warrior (D:13)
  11 hell hogs
  9 deep troll earth magi
  4 death yaks
  3 orc high priests (Orc:2)
  10 vampire magi
  12 naga sharpshooters
  29 hell knights
  110 sun demons
  6 holy swine (Pan)
  77 soul eaters
  3 thrashing horrors
  5 spriggan berserkers
  Amaemon (Lair:2)
  2 crystal echidnas (Depths:1)
  14 shock serpents
  The ghost of flestrin the Thaumaturge, a journeyman SpVM of Makhleb (Lair:2)
  32 sixfirhies
  A bunyip zombie (Crypt:1)
  17 deep elf knights
  4 iron trolls
  2 titan skeletons (Pan)
  5 wretched stars
  10 shadow wraiths
  3 salamander mystics
  A quicksilver dragon simulacrum (Crypt:3)
  A spark wasp zombie (Crypt:3)
  46 deep trolls
  38 skeletal warriors
  5 shadow demons
  6 flayed ghosts
  8 wizards
  2 spriggan simulacra
  13 sea snakes
  A storm dragon skeleton (Crypt:1)
  3 naga ritualists
  5 glowing orange brains
  3 bog bodies (Crypt:3)
  A swamp dragon (Lair:6)
  8 deep elf archers
  4 lindwurms
  4 orange crystal statues
  23 deep elf zephyrmancers
  6 orc knights
  A lindwurm (shapeshifter) (Vaults:2)
  11 phantasmal warriors
  A bunyip skeleton (Crypt:2)
  23 ironbound convokers
  7 mana vipers
  A shadow dragon skeleton (Pan)
  36 deep elf pyromancers
  16 necromancers
  13 fauns
  8 shining eyes
  3 orc sorcerers
  20 harpies
  47 ugly things
  A faun (shapeshifter) (Depths:3)
  15 manticores
  2 shining eyes (shapeshifter)
  A fire giant skeleton (D:15)
  10 cyclopes
  A worldbinder (Abyss:3)
  A guardian serpent (shapeshifter) (Elf:3)
  2 moths of wrath (Lair:2)
  Joseph (D:7)
  7 salamanders
  14 elephants
  11 water nymphs
  39 black mambas
  20 vault sentinels
  9 merfolk sirens
  27 orange demons
  15 naga magi
  3 eyes of devastation
  3 guardian serpents
  A rust devil (Pan)
  2 stone giant skeletons (Pan)
  An eye of devastation (shapeshifter) (Depths:3)
  A gargoyle (D:13)
  2 molten gargoyles (Hell)
  4 dire elephant skeletons
  4 naga skeletons (Pan)
  3 centaur skeletons (Pan)
  2 apocalypse crabs (Abyss:1)
  11 cane toads
  66 smoke demons
  A titan simulacrum (Crypt:1)
  An unseen horror zombie (Crypt:1)
  A cane toad (shapeshifter) (Elf:1)
  2 torpor snails
  15 rime drakes (IceCv)
  2 unseen horrors (Pan)
  10 freezing wraiths
  10 komodo dragons
  43 yaktaurs
  A black draconian zombie (Crypt:3)
  9 tormentors (Pan)
  7 efreet (Pan)
  6 hellions (Pan)
  21 demonic crawlers
  2 tengu conjurers (Depths:3)
  A rime drake (shapeshifter) (Depths:2)
  A guardian mummy (D:15)
  3 harpy zombies
  3 kobold demonologists (D:12)
  An unseen horror skeleton (Crypt:1)
  33 hellwings
  15 wind drakes
  4 ice devils
  A white draconian skeleton (Crypt:2)
  An ancient zyme (Abyss:2)
  7 red devils (Pan)
  6 meliai
  8 trolls
  36 merfolk
  2 tarantellas (shapeshifter) (Vaults:5)
  A merfolk (shapeshifter) (Vaults:3)
  8 hornets
  27 polar bears
  3 harpy skeletons (Pan)
  A mana viper skeleton (Crypt:2)
  An ettin zombie (Crypt:2)
  A raiju (shapeshifter) (D:13)
  95 slime creatures
  16 dream sheep
  37 blink frogs
  74 large abominations
  8 raiju
  5 flying skulls
  A fire dragon skeleton (Pan)
  14 snapping turtles
  4 air elementals (Shoals:4)
  An ettin skeleton (Pan)
  35 ynoxinuls
  2 centaur simulacra (D:14)
  2 ice dragon skeletons (Pan)
  25 water elementals
  A hog (Snake:3)
  A spriggan (shapeshifter) (Vaults:5)
  3 shadows
  19 starcursed masses
  A dire elephant simulacrum (Crypt:2)
  7 spriggans
  5 wyverns
  2 vampires
  12 wraiths
  35 yaks
  2 fire elementals
  10 humans (D:13)
  6 fire bats
  A fire bat (shapeshifter) (Vaults:3)
  3 redbacks (Vaults:3)
  A redback (shapeshifter) (Vaults:5)
  5 golden eyes
  5 basilisks
  39 chaos spawn
  38 neqoxecs (Pan)
  3 vampire mosquitoes (D:12)
  12 wargs
  2 steam dragons (Lair:6)
  A basilisk (shapeshifter) (Depths:1)
  A naga (shapeshifter) (D:14)
  35 nagas
  A demonspawn zombie (Crypt:3)
  7 acid dragons
  3 floating eyes
  17 water moccasins
  Pargi (Sewer)
  A fire bat skeleton (Crypt:3)
  20 hell hounds
  26 orc warriors
  2 swamp drakes (Lair:6)
  3 ice beasts
  The ghost of YeBoyLucifer the Skirmisher, an amateur HOFi (D:3)
  An ettin simulacrum (Crypt:3)
  13 black bears
  30 ogres
  31 wolves
  6 centaurs
  A swamp dragon zombie (Crypt:2)
  A phantom (D:5)
  5 kobold brigands
  13 bullfrogs
  2 gnoll sergeants
  2 scorpions (D:6)
  4 earth elementals
  5 necrophages
  A water moccasin zombie (Crypt:3)
  A wight (D:6)
  2 troll zombies (D:12)
  A troll skeleton (Crypt:2)
  6 killer bees (D:9)
  A yak skeleton (Crypt:3)
  A yak zombie (Crypt:3)
  5 small abominations
  2 electric eels (Lair:4)
  2 howler monkeys (D:6)
  A wolf zombie (Crypt:1)
  3 quasits
  A wolf skeleton (Crypt:3)
  A jelly (D:4)
  9 orc priests
  3 gnoll shamans
  4 hounds
  An iron imp (Abyss:1)
  4 iguanas
  9 orc wizards
  A black bear skeleton (Crypt:2)
  5 hell rats
  4 ogre zombies (D:12)
  A naga zombie (Crypt:3)
  A hound zombie (Crypt:1)
  29 gnolls
  9 adders
  A shadow imp (D:6)
  3 white imps
  4 ufetubi
  A lava snake skeleton (Crypt:3)
  7 worms
  6 dart slugs
  43 orcs
  5 ball pythons
  11 bats
  5 endoplasms
  5 giant cockroaches
  6 goblins
  11 hobgoblins
  3 jackals (D:5)
  A quokka (D:1)
  2 training dummies (D:5)
  3 frilled lizards
  A frilled lizard skeleton (Crypt:3)
  2 goblin skeletons (D:12)
  2 goblin zombies (D:12)
  A hobgoblin zombie (D:12)
  25 kobolds
  An orc skeleton (D:12)
  13 orc zombies (D:12)
  6 rats
  A lurking horror (Abyss:1)
  2 starspawn tentacles
3294 creatures vanquished.

Vanquished Creatures (others)
  An eldritch tentacle (Pan)
  A rockslime (Slime:2)
  A wizard (Vaults:4)
  An efreet (Pan)
  A ynoxinul (Pan)
  A human (Snake:3)
  An orc wizard (Depths:4)
  A kobold (D:9)
  15 ball lightnings (Pan)
  A block of ice (Pan)
  A bush (Lair:1)
  7 demonic plants (D:12)
  41 fungi
  256 plants
  11 starspawn tentacles
  2 withered plants (D:15)
342 creatures vanquished.

Grand Total: 3636 creatures vanquished

Notes
Turn   | Place    | Note
-------+----------+-------------------------------------------
     0 | D:1      | Essalna the Draconian Transmuter began the quest for the
                  | Orb.
     0 | D:1      | Reached XP level 1. HP: 16/16 MP: 3/3
   176 | D:1      | Reached XP level 2. HP: 16/23 MP: 3/5
   694 | D:1      | Reached XP level 3. HP: 23/29 MP: 4/6
  1470 | D:2      | Found a shimmering altar of Xom.
  1516 | D:2      | Reached XP level 4. HP: 30/36 MP: 7/7
  1523 | D:2      | Learned a level 4 spell: Ice Form
  1944 | D:2      | Found a faded altar of an unknown god.
  3261 | D:3      | Reached XP level 5. HP: 36/42 MP: 6/8
  3267 | D:3      | Noticed YeBoyLucifer's ghost (amateur HOFi)
  3304 | D:3      | Found a transporter.
  3590 | D:3      | Found a transporter.
  3757 | D:4      | Reached skill level 1 in Ice Magic
  3930 | D:4      | Found a glowing drain.
  3937 | Sewer    | Entered a sewer
  4136 | Sewer    | Noticed Pargi
  4202 | Sewer    | Killed Pargi
  4203 | Sewer    | Reached XP level 6. HP: 22/51 MP: 9/9
  5503 | D:5      | Entered Level 5 of the Dungeon
  5744 | D:5      | Your scales start taking on a rich purple colour.
  5744 | D:5      | Reached XP level 7. HP: 51/58 MP: 10/10
  5867 | D:5      | Found a staircase to the Ecumenical Temple.
  5874 | Temple   | Entered the Ecumenical Temple
  6055 | Temple   | Became a worshipper of Elyvilon the Healer
  6507 | D:3      | Killed YeBoyLucifer's ghost
  6540 | D:3      | Reached skill level 5 in Unarmed Combat
  7034 | D:5      | HP: 1/60 [gnoll sergeant/+0 spear (8)]
  7533 | D:6      | Reached XP level 8. HP: 58/67 MP: 9/11
  7899 | D:6      | Reached skill level 5 in Fighting
  7899 | D:6      | Reached skill level 5 in Transmutations
  8429 | D:6      | Reached skill level 5 in Dodging
  8598 | D:6      | Reached * piety under Elyvilon
  8895 | D:6      | Reached XP level 9. HP: 67/75 MP: 12/12
  9292 | D:7      | Noticed Joseph
  9306 | D:7      | Killed Joseph
  9307 | D:7      | Reached skill level 5 in Ice Magic
 10073 | D:8      | Noticed a two-headed ogre
 10082 | D:8      | Killed a two-headed ogre
 10361 | D:8      | Reached XP level 10. HP: 86/86 MP: 8/13
 10461 | D:8      | Reached ** piety under Elyvilon
 10467 | D:8      | Noticed Gastronok
 10488 | D:8      | Killed Gastronok
 10720 | D:8      | Identified the +0 hat of Dogma {Str+3}
 11961 | D:9      | Reached *** piety under Elyvilon
 12203 | D:9      | Noticed Erolcha
 12204 | D:9      | Noticed a skeletal warrior
 12204 | D:9      | Noticed a skeletal warrior
 12205 | D:9      | Noticed a skeletal warrior
 12217 | D:9      | Paralysed by a hornet for 1 turns
 12666 | D:9      | Learned a level 5 spell: Irradiate
 12785 | D:9      | Found a staircase to the Lair.
 12794 | D:10     | Entered Level 10 of the Dungeon
 12900 | Lair:1   | Entered Level 1 of the Lair of Beasts
 12927 | Lair:1   | Reached skill level 1 in Conjurations
 12928 | Lair:1   | Noticed a black mamba
 12940 | Lair:1   | Killed a black mamba
 13281 | Lair:1   | Reached XP level 11. HP: 95/95 MP: 9/14
 13822 | Lair:1   | Reached **** piety under Elyvilon
 15263 | Lair:2   | Noticed Amaemon
 15272 | Lair:2   | Killed Amaemon
 15273 | Lair:2   | Reached skill level 10 in Fighting
 15627 | Lair:2   | Noticed a spriggan rider
 15628 | Lair:2   | Found a bloodstained altar of Trog.
 15628 | Lair:2   | Found a transporter.
 15628 | Lair:2   | Noticed flestrin's ghost (journeyman SpVM)
 15702 | Lair:2   | Reached ***** piety under Elyvilon
 15784 | Lair:2   | Found a staircase to the Shoals.
 15801 | Lair:2   | Reached XP level 12. HP: 101/106 MP: 11/15
 15947 | Lair:2   | Reached skill level 5 in Conjurations
 16239 | Lair:2   | Found a transporter.
 16524 | Lair:3   | Reached skill level 10 in Unarmed Combat
 16843 | Lair:3   | Reached skill level 10 in Transmutations
 17072 | Lair:3   | Noticed a six-headed hydra
 17080 | Lair:3   | Killed a six-headed hydra
 17158 | Lair:3   | Found a staircase to the Snake Pit.
 19220 | Lair:4   | Reached XP level 13. HP: 91/116 MP: 12/16
 19659 | Lair:4   | Learned a level 3 spell: Spider Form
 19824 | Lair:5   | You fall into a shaft and drop 1 floor!
 19824 | Lair:6   | Entered Level 6 of the Lair of Beasts
 20077 | Lair:6   | Reached skill level 10 in Dodging
 20604 | Lair:5   | Reached ****** piety under Elyvilon
 21537 | Lair:5   | Found a staircase to the Slime Pits.
 21539 | Lair:5   | Found a viscous altar of Jiyva.
 22975 | Lair:6   | Reached XP level 14. HP: 127/127 MP: 6/17
 23788 | Lair:6   | Identified the +2 tower shield of the Wumpus {rN+ Stlth+}
 24886 | Lair:2   | Killed flestrin's ghost
 25474 | D:9      | Found Zin's Purification Station.
 25479 | D:9      | Found a glowing silver altar of Zin.
 25976 | D:10     | Found a burning altar of Makhleb.
 25977 | D:10     | Found a basalt altar of Yredelemnul.
 26350 | D:10     | Found a sacrificial altar of Ru.
 26631 | D:11     | Found an opulent altar of Gozag.
 27141 | D:12     | Found a runed translucent gate.
 27141 | D:12     | Found a runed translucent gate.
 27141 | D:12     | Noticed Bruhh's ghost (journeyman OgNe)
 27143 | D:12     | Found a runed translucent gate.
 27144 | D:12     | Identified the +1 chain mail "Esuzuma" {rF+}
 27542 | D:12     | Found Xuneex's Weapon Shop.
 27817 | D:12     | Learned a level 7 spell: Dragon Form
 27837 | D:12     | Found a staircase to the Orcish Mines.
 28346 | D:12     | Found a corrupted altar of Lugonu.
 28780 | Orc:1    | Entered Level 1 of the Orcish Mines
 29029 | Orc:2    | Entered Level 2 of the Orcish Mines
 29776 | Orc:2    | Found a staircase to the Elven Halls.
 29787 | Orc:2    | Noticed an orc warlord
 29981 | Orc:2    | Killed an orc warlord
 30652 | Orc:2    | Reached XP level 15. HP: 128/137 MP: 13/21
 32494 | Orc:2    | Found Rolat's Magic Scroll Boutique.
 32494 | Orc:2    | Found Ammeun's Antique Weapon Emporium.
 32495 | Orc:2    | Found Cack's Distillery.
 32495 | Orc:2    | Found Seqegg's Antique Armour Boutique.
 33578 | D:12     | Killed Bruhh's ghost
 34781 | D:13     | Found a gate to the Vaults.
 34976 | D:14     | Found Zixehol's Antique Weapon Emporium.
 35374 | D:14     | Reached skill level 15 in Fighting
 36333 | D:14     | Identified the +6 chain mail of the Trees {Fly Int+4}
 36403 | D:14     | Noticed Louise
 36423 | D:14     | Cast into level 2 of the Abyss (Louise)
 36543 | Abyss:2  | Found a corrupted altar of Lugonu.
 36560 | Abyss:2  | Found a corrupted altar of Lugonu.
 36786 | Abyss:2  | Noticed a tentacled starspawn
 36793 | Abyss:2  | Killed a tentacled starspawn
 36816 | D:14     | Escaped the Abyss
 36825 | D:14     | Killed Louise
 37455 | D:15     | Entered Level 15 of the Dungeon
 37506 | D:15     | Found a staircase to the Depths.
 37541 | D:15     | Reached XP level 16. HP: 149/149 MP: 14/22
 37702 | D:15     | Found a sacrificial altar of Ru.
 39020 | Shoals:1 | Entered Level 1 of the Shoals
 39296 | Shoals:1 | Reached skill level 15 in Unarmed Combat
 39794 | Shoals:1 | Reached skill level 15 in Transmutations
 39922 | Shoals:1 | HP: 5/226 [merfolk impaler/+2 trident of venom (20)]
 39923 | Shoals:1 | HP: 2/237 [poisoned by a merfolk impaler]
 39924 | Shoals:1 | Elyvilon protects you from harm!
 39924 | Shoals:1 | Elyvilon protects you from harm!
 39926 | Shoals:1 | Elyvilon protects you from harm!
 39931 | Shoals:1 | HP: 10/237 [poisoned by a merfolk impaler]
 41897 | Shoals:2 | Noticed Aizul
 41939 | Shoals:2 | Killed Aizul
 42273 | Shoals:2 | Found Juoskoer's Assorted Antiques.
 43341 | Shoals:3 | Found Ezooch's Armour Boutique.
 43913 | Shoals:3 | Found a runed translucent gate.
 43913 | Shoals:3 | Found a runed translucent gate.
 43913 | Shoals:3 | Found a runed translucent gate.
 43924 | Shoals:3 | Noticed Regoshi's ghost (adept DsFi)
 44274 | Shoals:3 | Reached XP level 17. HP: 161/161 MP: 21/23
 44494 | Shoals:3 | Found Dostrap's Weapon Shoppe.
 45395 | Shoals:3 | Identified the +3 hat "Cexiggio" {Will+}
 45397 | Shoals:3 | Gained mutation: You are clumsy. (Dex -2) [mutagenic glow]
 46135 | Shoals:4 | Entered Level 4 of the Shoals
 46150 | Shoals:4 | Paralysed by an air elemental for 1 turns
 46214 | Shoals:4 | Paralysed by an air elemental for 1 turns
 46772 | Shoals:4 | Paralysed by an air elemental for 1 turns
 46819 | Shoals:4 | Noticed a titan
 46825 | Shoals:4 | Killed a titan
 46829 | Shoals:4 | Identified the ring "Zujyeciq" {Fly Dex+3}
 47101 | Shoals:3 | Killed Regoshi's ghost
 48436 | Shoals:4 | Identified the +8 trident of the Moth {drain, rPois rF+
                  | Str-5 Dex+2}
 49204 | Shoals:4 | Paralysed by an air elemental for 1 turns
 49492 | Shoals:4 | Got a barnacled rune of Zot
 49683 | Snake:1  | Entered Level 1 of the Snake Pit
 50259 | Snake:1  | Noticed Josephine
 50266 | Snake:1  | Killed Josephine
 50739 | Snake:1  | Found a runed translucent gate.
 50739 | Snake:1  | Found a runed translucent gate.
 50739 | Snake:1  | Found a runed translucent gate.
 51259 | Snake:1  | Reached XP level 18. HP: 171/173 MP: 6/24
 51539 | Snake:2  | Noticed Vashnia
 51550 | Snake:2  | Killed Vashnia
 51926 | Snake:2  | Found a transporter.
 52029 | Snake:2  | Found a transporter.
 52593 | Snake:2  | Found a transporter.
 52604 | Snake:2  | Found a transporter.
 52605 | Snake:2  | Found a transporter.
 52822 | Snake:2  | Found a transporter.
 53098 | Snake:2  | You fall into a shaft and drop 1 floor!
 53098 | Snake:3  | Noticed Azrael
 53115 | Snake:3  | Killed Azrael
 53681 | Snake:3  | Noticed Roxanne
 54295 | Snake:3  | Noticed Kirke
 54310 | Snake:3  | Killed Kirke
 54913 | Snake:3  | Identified a scroll of acquirement
 54913 | Snake:3  | Acquired 821 gold pieces
 55176 | Snake:3  | Killed Roxanne
 55237 | Snake:4  | Entered Level 4 of the Snake Pit
 55994 | Snake:4  | Reached skill level 5 in Spellcasting
 56184 | Snake:4  | Learned a level 6 spell: Statue Form
 56386 | Snake:4  | Reached skill level 1 in Earth Magic
 56900 | Snake:4  | Got a serpentine rune of Zot
 58059 | Elf:1    | Entered Level 1 of the Elven Halls
 58658 | Elf:1    | Reached XP level 19. HP: 184/184 MP: 16/26
 59053 | Elf:1    | HP: 4/276 [something/shard of ice (22)]
 59502 | Elf:1    | Found Wollu Ogud's Distillery.
 59620 | Elf:1    | Identified the +0 kite shield of the Trees {rN+ Regen+
                  | Slay-5}
 59620 | Elf:1    | Noticed Donald
 59633 | Elf:1    | Killed Donald
 60032 | Elf:1    | Found a runed translucent gate.
 60032 | Elf:1    | Found a runed translucent gate.
 60032 | Elf:1    | Found a runed translucent gate.
 60035 | Elf:1    | Noticed Kerestru's ghost (adept GrFi)
 60038 | Elf:1    | Found an iron altar of Okawaru.
 60396 | Elf:1    | Killed Kerestru's ghost
 60716 | Elf:1    | Identified the +0 chain mail "Iqamnoiqo" {Will+}
 60718 | Elf:1    | Identified the +0 ring mail of Herr {rF+++ rN+ Will+ rCorr
                  | Dex-4}
 60936 | Elf:2    | Found Omaus's Magic Scroll Shop.
 61272 | Elf:2    | Found Pibrutif's Book Shoppe.
 61292 | Elf:2    | Bought a book of Winter for 544 gold pieces
 61550 | Elf:2    | Found a runed translucent gate.
 61550 | Elf:2    | Found a runed translucent gate.
 61554 | Elf:2    | Reached skill level 5 in Earth Magic
 61563 | Elf:2    | Found a runed translucent gate.
 62453 | Elf:3    | Entered Level 3 of the Elven Halls
 62523 | Elf:3    | Found a frozen archway.
 62540 | IceCv    | Entered an ice cave
 63746 | IceCv    | Identified the ring "Vimuj" {Ice +Blink rPois Str-5 Dex+4}
 63750 | IceCv    | Identified the +1 hat "Quezuet" {rF++ Will+ Regen+}
 64081 | Elf:3    | Identified the +0 robe of Pessimism {rElec rF++}
 64260 | Elf:3    | Reached XP level 20. HP: 195/195 MP: 12/30
 64302 | Elf:3    | Identified the amulet "Ymohe" {Faith Rampage rF+++ Int-2
                  | SInv}
 64303 | Elf:3    | Upgraded the game from 0.29-a0-553-g81b289dbe5 to
                  | 0.29-a0-555-g3b24f45cc1
 64313 | Elf:3    | Got the Volume of Companions and Confrontation
 64330 | Elf:3    | HP: 6/276 [deep elf blademaster/+0 rapier (17)]
 64337 | Elf:3    | HP: 16/418 [ghostly deep elf archer/+5 dagger of pain (6)]
 64727 | Elf:3    | Identified the +2 leather armour of Benevolence {rElec}
 65445 | Elf:3    | Identified the +7 short sword of the Five People {drain,
                  | rElec Dex+2}
 66080 | Vaults:1 | Entered Level 1 of the Vaults
 66080 | Vaults:1 | Found Plog's Armour Boutique.
 67132 | Vaults:1 | Identified the amulet of Moniteucs {Spirit rPois rF- Str+3}
 67347 | Vaults:1 | Identified the +3 scale mail of the Turtledove {rC- Str+4
                  | Int+3 Stlth+}
 67564 | Vaults:1 | Identified the +6 shortbow "Uceploema" {freeze, rCorr
                  | Dex+5}
 67850 | Vaults:1 | Found a transporter.
 67903 | Vaults:1 | Found a transporter.
 68471 | Vaults:2 | Found Cawul's General Store.
 69053 | Vaults:2 | Reached XP level 21. HP: 205/205 MP: 26/33
 69422 | Vaults:2 | Learned a level 3 spell: Ozocubu's Armour
 71115 | Vaults:3 | Reached skill level 10 in Spellcasting
 71782 | Vaults:3 | Found a staircase to the Crypt.
 73072 | Vaults:4 | Noticed Xtahua
 73080 | Vaults:4 | Killed Xtahua
 73125 | Vaults:4 | Reached skill level 10 in Earth Magic
 73793 | Vaults:4 | Reached XP level 22. HP: 215/215 MP: 25/37
 74128 | Vaults:5 | Entered Level 5 of the Vaults
 74305 | Crypt:1  | Entered Level 1 of the Crypt
 74343 | Crypt:1  | Noticed Margery
 74347 | Crypt:1  | Killed Margery
 74689 | Crypt:1  | Noticed Vv
 74783 | Crypt:1  | Killed Vv
 74975 | Crypt:1  | Found a transporter.
 75209 | Crypt:1  | Found a transporter.
 75444 | Crypt:1  | Noticed a dread lich
 75460 | Crypt:1  | Killed a dread lich
 75460 | Crypt:1  | Gained mutation: Your spells are a little easier to cast,
                  | but a little less powerful. [a cacodemon]
 76856 | Crypt:3  | Entered Level 3 of the Crypt
 77208 | Crypt:3  | Noticed a curse toe
 77218 | Crypt:3  | Killed a curse toe
 77496 | Crypt:3  | Noticed a curse toe
 77564 | Crypt:2  | Learned a level 5 spell: Blade Hands
 77575 | Crypt:3  | Killed a curse toe
 78173 | Crypt:3  | Reached XP level 23. HP: 226/226 MP: 32/39
 78239 | Crypt:3  | Found a staircase to the Tomb.
 78352 | Crypt:3  | Noticed a dread lich
 78677 | Crypt:2  | Found a basalt altar of Yredelemnul.
 78750 | Crypt:3  | Killed a dread lich
 78888 | Crypt:3  | Identified the ring of Niomuatid {MP-9 Str+6 Int+4 Dex+6}
 78901 | Crypt:3  | Identified the +7 hand axe of the Dancing Gods {pain, Will+
                  | Int+4}
 79221 | Depths:1 | Entered Level 1 of the Depths
 79509 | Depths:1 | Noticed Mara
 79510 | Depths:1 | Noticed Essalna's illusion
 79526 | Depths:1 | Killed Mara
 79664 | Depths:1 | Identified the +9 flail of Cheibriados's Regard {distort,
                  | rN+}
 79692 | Depths:1 | Found a one-way gateway to a ziggurat.
 79749 | Depths:1 | Found a one-way gate to the infinite horrors of the Abyss.
 79787 | Depths:1 | Noticed Bai Suzhen
 79792 | Depths:1 | Killed Bai Suzhen
 79881 | Depths:1 | Found a gateway to Hell.
 79931 | Depths:1 | Found an ornate altar of the Wu Jian Council.
 80406 | Depths:1 | Found a runed translucent door.
 80406 | Depths:1 | Found a shimmering altar of Xom.
 80406 | Depths:1 | Noticed Amohu's ghost (veteran MiBe)
 80500 | Depths:1 | Killed Amohu's ghost
 80506 | Depths:1 | Identified the +5 long sword of Dishonesty {drain, Str+5}
 80697 | Depths:2 | Found a one-way gate leading to the halls of Pandemonium.
 80892 | Depths:2 | Noticed a caustic shrike
 80929 | Depths:2 | Killed a caustic shrike
 81850 | Depths:2 | Noticed Asterion
 81858 | Depths:2 | Killed Asterion
 83893 | Depths:3 | Found a sacrificial altar of Ru.
 83920 | Depths:3 | Found a sparkling altar of Nemelex Xobeh.
 83921 | Depths:3 | Found a stormy altar of Qazlal.
 83921 | Depths:3 | Found a stormy altar of Qazlal.
 84111 | Depths:3 | Reached XP level 24. HP: 198/237 MP: 18/41
 84330 | Depths:3 | Noticed a juggernaut
 84346 | Depths:3 | Killed a juggernaut
 84363 | Depths:3 | Identified the ring "Esemejat" {Ice Fly Will- Slay+2}
 84901 | Depths:4 | Entered Level 4 of the Depths
 84907 | Depths:4 | Paralysed by a floating eye for 3 turns
 85444 | Depths:4 | Cast into level 2 of the Abyss (spriggan defender)
 85471 | Depths:4 | Escaped the Abyss
 85690 | Depths:4 | Noticed Saint Roka
 85711 | Depths:4 | Killed Saint Roka
 86031 | Depths:4 | Found a gate to the Realm of Zot.
 87300 | Slime:1  | Entered Level 1 of the Pits of Slime
 87518 | Slime:1  | Found a viscous altar of Jiyva.
 88390 | Slime:1  | Gained mutation: Potions are less effective at restoring
                  | your health. [a shining eye]
 88392 | Slime:1  | Gained mutation: You have hidden genetic defects. [a
                  | shining eye]
 88669 | Slime:3  | Gained mutation: You sometimes lose the ability to read
                  | scrolls when taking damage. [a shining eye]
 89277 | Slime:4  | Lost mutation: You have hidden genetic defects. [a shining
                  | eye]
 89944 | Slime:5  | Entered Level 5 of the Pits of Slime
 90180 | Slime:5  | Reached XP level 25. HP: 247/247 MP: 34/41
 90197 | Slime:5  | Gained mutation: You have hidden genetic defects. [a
                  | shining eye]
 90206 | Slime:5  | Noticed the Royal Jelly
 90404 | Slime:5  | Killed the Royal Jelly
 90771 | Slime:5  | Found the +3 salamander hide armour {Flames rF++ rC--}
 90804 | Slime:5  | Identified the +7 dire flail of Heonuhah {freeze, rElec rN+
                  | Will-}
 90884 | Slime:5  | Got a slimy rune of Zot
 91804 | Vaults:1 | Identified the +1 pair of gloves of the Poles {rElec Int+3}
 92151 | Vaults:5 | Reached skill level 15 in Earth Magic
 92165 | Vaults:4 | Gained mutation: Potions cannot restore your health.
                  | [hidden defects]
 92745 | Vaults:5 | Found the amulet of the Four Winds {rN+ Will+++ Clar}
 92801 | Vaults:5 | Identified the amulet of Podibrao {RegenMP Str-4 Int+3
                  | Slay+2}
 93016 | Vaults:5 | Gained mutation: Your body sometimes deteriorates upon
                  | taking damage. [hidden defects]
 93016 | Vaults:5 | Lost mutation: You have hidden genetic defects. [hidden
                  | defects expressed]
 93042 | Vaults:4 | Lost mutation: You are clumsy. (Dex -2) [potion of
                  | mutation]
 93042 | Vaults:4 | Lost mutation: You sometimes lose the ability to read
                  | scrolls when taking damage. [potion of mutation]
 93042 | Vaults:4 | Lost mutation: Potions cannot restore your health. [potion
                  | of mutation]
 93042 | Vaults:4 | Gained mutation: Your mind is acute. (Int +2) [potion of
                  | mutation]
 93042 | Vaults:4 | Gained mutation: Your flesh is cold resistant. (rC+)
                  | [potion of mutation]
 93043 | Vaults:4 | Lost mutation: Potions are less effective at restoring your
                  | health. [potion of mutation]
 93043 | Vaults:4 | Lost mutation: Your flesh is cold resistant. (rC+) [potion
                  | of mutation]
 93043 | Vaults:4 | Gained mutation: You have sharp fingernails. [potion of
                  | mutation]
 93043 | Vaults:4 | Gained mutation: Your mind is very acute. (Int +4) [potion
                  | of mutation]
 93044 | Vaults:4 | Lost mutation: You have sharp fingernails. [potion of
                  | mutation]
 93044 | Vaults:4 | Lost mutation: Your spells are a little easier to cast, but
                  | a little less powerful. [potion of mutation]
 93044 | Vaults:4 | Lost mutation: Your body sometimes deteriorates upon taking
                  | damage. [potion of mutation]
 93044 | Vaults:4 | Gained mutation: Your tail ends in a venomous barb. [potion
                  | of mutation]
 93044 | Vaults:4 | Gained mutation: You possess an exceptional clarity of
                  | mind. [potion of mutation]
 93044 | Vaults:4 | Gained mutation: You have a pair of small antennae on your
                  | head. [potion of mutation]
 93366 | Vaults:5 | Identified the +2 rapier "Jikhih" {drain, +Blink rC- rN+}
 93392 | Vaults:5 | Got a silver rune of Zot
 93847 | Vaults:5 | Noticed an ancient lich
 93853 | Vaults:5 | Killed an ancient lich
 93878 | Vaults:5 | Identified the ring "Vaeg Jio" {Ice Str+8 Int-2}
 93971 | Vaults:5 | Identified the +7 battleaxe of the Hills {vorpal, Str+2}
 95080 | Hell     | Entered the Vestibule of Hell
 95080 | Hell     | Noticed Geryon
 95088 | Hell     | Reached XP level 26. HP: 259/259 MP: 31/41
 95118 | Depths:1 | HP: 15/336 [crystal guardian (18)]
 95404 | Hell     | Killed Geryon
 95567 | Hell     | Found a gateway to the freezing wastes of Cocytus.
 95937 | Hell     | Found a gateway to the Iron City of Dis.
 96132 | D:9      | Killed Erolcha
 96252 | Temple   | Fell from the grace of Elyvilon
 96252 | Temple   | Became a worshipper of the Shining One
 96252 | Temple   | Reached * piety under the Shining One
 96252 | Temple   | Reached ** piety under the Shining One
 96252 | Temple   | Reached *** piety under the Shining One
 96588 | Depths:2 | Voluntarily entered the Abyss.
 97203 | Abyss:3  | Paralysed by accursed screaming for 1 turns
 97207 | Abyss:3  | Paralysed by accursed screaming for 1 turns
 97238 | Abyss:3  | Reached XP level 27. HP: 230/267 MP: 30/32
 97238 | Abyss:3  | Got an abyssal rune of Zot
 97248 | Depths:2 | Escaped the Abyss
 97298 | Depths:2 | Upgraded the game from 0.29-a0-555-g3b24f45cc1 to
                  | 0.29-a0-559-g359e09b9d1
 97325 | Pan      | Entered Pandemonium
 97337 | Pan      | Reached **** piety under the Shining One
 97344 | Pan      | Noticed Urudasarph the pandemonium lord
 97349 | Pan      | Killed Urudasarph the pandemonium lord
 97552 | Pan      | Reached ***** piety under the Shining One
 97718 | Pan      | Found an exit through the horrors of the Abyss.
 97846 | Pan      | Reached ****** piety under the Shining One
 98163 | Pan      | Got a demonic rune of Zot
 98193 | Pan      | Reached skill level 15 in Dodging
 98294 | Pan      | Found an exit through the horrors of the Abyss.
 98307 | Pan      | Gained mutation: You do not regenerate when monsters are
                  | visible. [a neqoxec]
 98333 | Pan      | Gained mutation: Your magical capacity is low. (-10% MP) [a
                  | cacodemon]
 98449 | Pan      | Gained mutation: Your body sometimes deteriorates upon
                  | taking damage. [a cacodemon]
 98534 | Pan      | Noticed Tannu the pandemonium lord
 98552 | Pan      | Killed Tannu the pandemonium lord
 98623 | Pan      | Identified the +1 trident "Alyttaem" {holy, rElec rPois
                  | rF++ rC-}
 99162 | Pan      | Noticed Nof Nekh the pandemonium lord
 99172 | Pan      | Killed Nof Nekh the pandemonium lord
100397 | Pan      | Found an exit through the horrors of the Abyss.
100458 | Pan      | Gained mutation: You occasionally shout uncontrollably at
                  | your foes. [a cacodemon]
100648 | Pan      | Noticed Fiofur the pandemonium lord
100661 | Pan      | HP: 15/349 [Fiofur the pandemonium lord (18)]
100661 | Pan      | HP: 5/349 [reaper/+3 scythe of flaming (6)]
101166 | Pan      | Identified the +5 scimitar of Paogoequ {vorpal, Int+3}
101201 | Pan      | Killed Fiofur the pandemonium lord
101997 | Pan      | Noticed Boicu the pandemonium lord
102007 | Pan      | Killed Boicu the pandemonium lord
102359 | Pan      | Gained mutation: Your body often deteriorates upon taking
                  | damage. [a neqoxec]
102360 | Pan      | Gained mutation: You sometimes lose the ability to read
                  | scrolls when taking damage. [a neqoxec]
102372 | Pan      | Gained mutation: You are clumsy. (Dex -2) [a neqoxec]
102375 | Pan      | Gained mutation: You are very clumsy. (Dex -4) [a neqoxec]
102798 | Pan      | Lost mutation: You possess an exceptional clarity of mind.
                  | [a neqoxec]
103004 | Pan      | Entered the realm of Mnoleg.
103015 | Pan      | Gained mutation: You frequently scream uncontrollably at
                  | your foes. [a neqoxec]
103037 | Pan      | Lost mutation: Your mind is very acute. (Int +4) [a
                  | cacodemon]
103039 | Pan      | Gained mutation: Your spells are a little easier to cast,
                  | but a little less powerful. [a neqoxec]
103041 | Pan      | Gained mutation: Your magical capacity is very low. (-20%
                  | MP) [a neqoxec]
103057 | Pan      | Noticed Mnoleg
103061 | Pan      | Gained mutation: You are weak. (Str -2) [Mnoleg's mutagenic
                  | touch]
103068 | Pan      | Killed Mnoleg
103207 | Pan      | Gained mutation: You are frail. (-10% HP) [a neqoxec]
103245 | Pan      | Gained mutation: You tend to lose your temper in combat. [a
                  | neqoxec]
103270 | Pan      | Gained mutation: Your magical capacity is extremely low.
                  | (-30% MP) [a neqoxec]
103282 | Pan      | Lost mutation: Your mind is acute. (Int +2) [a neqoxec]
103399 | Pan      | Gained mutation: Potions are less effective at restoring
                  | your health. [a neqoxec]
103432 | Pan      | Gained mutation: You are very weak. (Str -4) [a cacodemon]
103433 | Pan      | Lost mutation: Your spells are a little easier to cast, but
                  | a little less powerful. [a cacodemon]
103489 | Pan      | Gained mutation: You are dopey. (Int -2) [a neqoxec]
103490 | Pan      | Gained mutation: Your spells are a little easier to cast,
                  | but a little less powerful. [a neqoxec]
103492 | Pan      | Gained mutation: You often lose your temper in combat. [a
                  | neqoxec]
103526 | Pan      | Lost mutation: You are very clumsy. (Dex -4) [potion of
                  | mutation]
103526 | Pan      | Lost mutation: You often lose your temper in combat.
                  | [potion of mutation]
103526 | Pan      | Lost mutation: Potions are less effective at restoring your
                  | health. [potion of mutation]
103527 | Pan      | Lost mutation: You are clumsy. (Dex -2) [potion of
                  | mutation]
103527 | Pan      | Lost mutation: You are very weak. (Str -4) [potion of
                  | mutation]
103576 | Pan      | Lost mutation: Your body often deteriorates upon taking
                  | damage. [potion of mutation]
103576 | Pan      | Lost mutation: You are weak. (Str -2) [potion of mutation]
103576 | Pan      | Lost mutation: You do not regenerate when monsters are
                  | visible. [potion of mutation]
103576 | Pan      | Gained mutation: You are weak. (Str -2) [potion of
                  | mutation]
103576 | Pan      | Lost mutation: Your spells are a little easier to cast, but
                  | a little less powerful. [potion of mutation]
103577 | Pan      | Lost mutation: You are dopey. (Int -2) [potion of mutation]
103577 | Pan      | Lost mutation: You are weak. (Str -2) [potion of mutation]
103577 | Pan      | Lost mutation: You are frail. (-10% HP) [potion of
                  | mutation]
103577 | Pan      | Lost mutation: You tend to lose your temper in combat.
                  | [potion of mutation]
103670 | Pan      | Found an exit through the horrors of the Abyss.
103922 | Pan      | Gained mutation: Your body often deteriorates upon taking
                  | damage. [a shining eye]
103922 | Pan      | Paralysed by a floating eye for 2 turns
103925 | Pan      | Gained mutation: You are clumsy. (Dex -2) [a shining eye]
104047 | Pan      | Paralysed by a floating eye for 3 turns
104165 | Pan      | Got a glowing rune of Zot
104735 | Pan      | Got the Guide on Aerial Dark Rituals
104806 | Pan      | Noticed Kewky the pandemonium lord
104816 | Pan      | Killed Kewky the pandemonium lord
105134 | Pan      | Found an exit through the horrors of the Abyss.
105424 | Pan      | Entered the realm of Gloorx Vloq.
105588 | Pan      | Found an exit through the horrors of the Abyss.
105644 | Pan      | Identified the +0 ring mail of the Distant Future {rN+
                  | Int+4 Dex-4}
106357 | Pan      | Reached skill level 27 in Fighting
106475 | Pan      | Noticed Gloorx Vloq
106779 | Pan      | Killed Gloorx Vloq
106820 | Pan      | Got a dark rune of Zot
107122 | Pan      | Identified the +7 hunting sling of Okawaru's Hatred {flame,
                  | rN++ rCorr Dex+3 Stlth-}
107180 | Pan      | Noticed Pamn the pandemonium lord
107193 | Pan      | Killed Pamn the pandemonium lord
108353 | Pan      | Found an exit through the horrors of the Abyss.
108423 | Pan      | Noticed Aghiwaatiu the pandemonium lord
108432 | Pan      | Killed Aghiwaatiu the pandemonium lord
108702 | Pan      | Entered the realm of Lom Lobon.
109139 | Pan      | Found an exit through the horrors of the Abyss.
109624 | Pan      | Noticed Lom Lobon
109655 | Pan      | Killed Lom Lobon
109783 | Pan      | Got a magical rune of Zot
110172 | Pan      | Noticed Eleg the pandemonium lord
110182 | Pan      | Killed Eleg the pandemonium lord
110423 | Pan      | Reached skill level 27 in Unarmed Combat
110433 | Pan      | Found an exit through the horrors of the Abyss.
111497 | Pan      | Found a transporter.
111684 | Pan      | Found a transporter.
111689 | Pan      | Got the Compendium of Earthen Beguiling
111691 | Pan      | Identified the amulet of Baymafigg {Spirit rF+ rC+ MP+9}
111716 | Pan      | Identified the ring "Ygge" {Wiz rElec}
112041 | Pan      | Entered the realm of Cerebov.
112490 | Pan      | Identified the +10 spear of Wu Jian's Scorn {flame, Str+4
                  | Dex+2}
112549 | Pan      | Found the +6 sword of Cerebov {flame}
112549 | Pan      | Noticed Cerebov
112565 | Pan      | Identified the +9 war axe "Hongog" {vorpal, rPois rCorr
                  | Int+2 Stlth-}
112565 | Pan      | Identified the +1 robe of Patterns {Fly rElec}
112725 | Pan      | Slain by Cerebov

Illustrated notes

Levels and vault maps discovered:
D:1:      lemuel_arrival_broad_hall, layout_loops_corners, kennysheep_doodads,
          nrook_loot_triangle, st_stairs_6
D:2:      layout_loops_cross, basic_altar,
          hellmonk_ecumenical_altar_arch_garden, st_stairs_5, minmay_vboxes
D:3:      layout_basic, gammafunk_ghost_gnarly_gnolls,
          chequers_serial_rivers_micro_a
D:4:      layout_layer_cave, gup_sewer_entry_bubbles
D:5:      dreamdust_elfheim, layout_rooms, minmay_temple_entry_ruins
D:6:      minmay_recursive_quarters, layout_rooms, serial_glass,
          glass_columns_a, glass_columns_b, glass_columns_a, glass_columns_a,
          glass_columns_b, glass_columns_a, glass_columns_a, glass_columns_a,
          glass_columns_c, glass_columns_a
D:7:      layout_basic, minivault_22, uniq_duvessa, uniq_menkaure, uniq_pikel,
          uniq_joseph
D:8:      layout_gridville, uniq_gastronok
D:9:      layout_basic, zin_purify, dpeg_oklobed_lair, uniq_erolcha
D:10:     layout_gridville, mainiacjoe_overflow_alcove_4,
          mainiacjoe_overflow_large_starburst
D:11:     layout_gridville, grunt_gozag_statues
D:12:     kennysheep_kobold_lugonu_temple, layout_loops_ring, zombieorc1_lemuel,
          biasface_ghost_orc_armoury, serial_shops,
          nicolae_shop_bloodbath_and_beyond
D:13:     layout_small_grid, ximxim_vaults_locker_room
D:14:     minmay_concentric_multi, layout_loops_cross, serial_shops,
          nicolae_shop_stone, minivault_22, minmay_misc_feat_doors, uniq_louise
D:15:     gammafunk_depths_entry_grave, layout_loops_ring,
          nicolae_ru_sacrificial_ziggurat
Temple:   dpeg_five_rooms_temple
Lair:1:   layout_loops_ring, serial_forest, infiniplex_forest_corner_2,
          infiniplex_forest_straight_2, infiniplex_forest_clump_diagonal,
          infiniplex_forest_clump_long, infiniplex_forest_end_1,
          infiniplex_forest_lined_4_way, infiniplex_forest_straight_3,
          infiniplex_forest_end_2
Lair:2:   hellmonk_ruined_rings, layout_regular_city,
          minmay_shoals_entry_beasts, gammafunk_ghost_wrathful_warriors,
          uniq_amaemon
Lair:3:   layout_gridlike, guppyfry_snake_entry_garden, beast_lair_carwin_9,
          lemuel_fruit_tree
Lair:4:   layout_small_grid, serial_bayou_lake_a, infiniplex_staircase_pool_2,
          grunt_megastairs_1
Lair:5:   layout_misc_corridors, slime_altar_1, nicolae_volcano_entry_batcave,
          chequers_serial_rivers_large_b, st_stairs_10
Lair:6:   hangedman_lair_caniforms_friends, layout_loops_ring,
          guppyfry_lair_end_dragon, dreamdust_gnoll_shepherd
Shoals:1: layout_shoals, st_sunken_huts
Shoals:2: layout_shoals, serial_shops, nicolae_shop_advertising_works
          [nicolae_subvault_shop_adworks], uniq_aizul
Shoals:3: layout_shoals, gammafunk_ghost_tricky_traps, nicolae_take_the_stairs,
          nicolae_stop_n_shop_2
Shoals:4: shoals_end_hellmonk_storm_palace [storm_palace_center_circular,
          storm_palace_corner_pillars, storm_palace_corner_pillars,
          storm_palace_corner_pillars, storm_palace_corner_blocked]
Snake:1:  layout_chambers, nicolae_snake_horde_hoard, grunt_megastairs_5,
          uniq_josephine
Snake:2:  layout_chambers, serial_nicolae_subway, nicolae_sub_station_metal,
          nicolae_sub_station_crystal, nicolae_sub_station_stone, uniq_vashnia
Snake:3:  layout_onion_interference, uniq_roxanne, uniq_kirke, uniq_azrael
Snake:4:  minmay_snake_end_coiled, layout_cave_town, drop_trap
Slime:1:  layout_caves, basic_altar
Slime:2:  layout_caves
Slime:3:  layout_caves
Slime:4:  layout_caves
Slime:5
Orc:1:    layout_diamond_mine, basic_altar
Orc:2:    st_orc_ogre_mass, layout_diamond_mine
Elf:1:    eino_elf_arrival_customs, layout_gridlike,
          gammafunk_ghost_fury_of_okawaru, serial_shops, shop,
          evilmike_minifort, uniq_donald
Elf:2:    elven_hall_of_blades_hangedman_original
          [nicolae_blade_entry_pointy_end], layout_geoelf_octagon, serial_shops,
          shop, nicolae_shop_stone, grunt_ministairs_11,
          corexii_leaking_fountain, drop_trap, serial_sigils_hangedman_confine
Elf:3:    grunt_elf_hall_branching, layout_geoelf_diagonals,
          portal_ice_cave_entry_frozen_things, serial_sigils_hangedman_carve,
          hangedman_elf_represent
Vaults:1: gammafunk_the_bubble [the_bubble_gammafunk_crates],
          nicolae_vaults_bisected_exclaves, ontoclasm_vaults_eye,
          nicolae_vaults_ninety_degrees, grunt_vaults_focal,
          layout_vaults_chaotic_city, serial_shops, shop
Vaults:2: nicolae_vaults_inception_network, dpeg_vaults_monster_row,
          hangedman_vaults_cutoff, vaults_dpeg_ring,
          vaults_standard_mumra_enter_the_diamond, grunt_vaults_diagonal,
          nicolae_vaults_yaktaur_gun_rack, v_rooms_3, layout_vaults_omnigrid,
          serial_shops, nicolae_shop_competitors_out_of_business
Vaults:3: nicolae_vaults_network_star, st_check,
          nicolae_vaults_disjoint_gnomons, nicolae_vaults_theta, v_misc_32,
          nicolae_vaults_network_s, nicolae_vaults_specimen_jars,
          v_alt_pattern_1, minmay_crypt_entry_simple_sparse, v_misc_14,
          v_misc_28, ontoclasm_vaults_twist, v_misc_26, v_misc_25,
          vaults_room_pool, layout_vaults_maze_bifur
Vaults:4: st_diamondy, nicolae_vaults_little_squares_4, v_rooms_4,
          nicolae_vaults_triangles, nicolae_vaults_theta, grunt_vaults_funnel,
          nicolae_vaults_rhombus_7, layout_vaults_ring, uniq_xtahua
Vaults:5
Crypt:1:  gammafunk_dig_for_victory, layout_gridlike, uniq_vv, uniq_margery
Crypt:2:  layout_regular_city, lemuel_upstairs_altar, grunt_megastairs_3
Crypt:3:  david_glass_crypt, layout_basic
Depths:1: layout_gridlike, enter_ziggurat_a, ebering_ghost_xom, hell_entry,
          abyss_entry, kennysheep_decorative_pillar, nzn_wu_jian_council_hall,
          grunt_megastairs_2, uniq_mara, uniq_bai_suzhen
Depths:2: hangedman_cross_cluster, layout_gridlike, pf_coc_iceberg,
          abyss_entry_small_statue_room, pan_entry, minmay_misc_feat_columns,
          infiniplex_staircase_zigzag_2, uniq_asterion
Depths:3: minmay_the_grid_octo_tiled_squarecenter [minmay_the_grid_octo_shrine,
          minmay_the_grid_octo_chip, minmay_the_grid_octo_clover,
          minmay_the_grid_octo_focus, minmay_the_grid_square_5x5_megaprize_open,
          minmay_the_grid_square_5x5_one_wall, minmay_the_grid_square_5x5_plus,
          minmay_the_grid_square_5x5_two,
          minmay_the_grid_square_5x5_broken_cross], layout_basic,
          grunt_hell_horde, kennysheep_small_spiral, abyss_entry_glasseish,
          nrook_pool_corridor
Depths:4: evilmike_zot_entry_diamond, layout_cave_pools,
          minmay_misc_feat_diagonals, hell_entry, uniq_saint_roka
Hell
Pan:      nicolae_pan_diamonds, layout_small_grid, evilmike_mini_pan_doors_b,
          layout_gridlike, evilmike_mini_pan_3x3, layout_basic,
          nicolae_pan_sigil_eeng, evilmike_mini_pan_other_thingy,
          layout_long_grid, pan_blood_fountain_small,
          nicolae_pan_gloorx_vloqian_4, nicolae_pan_sigil_obb,
          nicolae_pan_double_arrow, layout_basic, mnoleg_st, layout_gridville,
          evilmike_mini_pan_doors_b, layout_long_grid, pan_blood_fountain,
          nicolae_pan_cerebovesque_3, gloorx_vloq_st, layout_basic,
          evilmike_mini_pan_corner, layout_basic, nicolae_pan_lom_lobonic_2,
          rand_demon_5, layout_basic, pan_blood_fountain, lom_lobon_spiral_st,
          layout_pan_divisions_b [pan_division_quadrant_b2,
          pan_division_quadrant_b4, pan_division_quadrant_b6,
          pan_division_quadrant_b3], grunt_pan_pentagram, layout_rooms,
          pan_captured_pigsty, gammafunk_its_a_trap, layout_cellular_growth,
          evilmike_cerebov_lava, layout_basic, pan_blood_fountain_small

Skill      XL: |  1  2  3  4  5  6  7  8  9 10 11 12 13 14 15 16 17 18 19 20 21 22 23 24 25 26 27 |
---------------+----------------------------------------------------------------------------------+-----
Dodging        | 2 3 4 5 6 7 8 9 10 11 13 14 19 | 19.0
Fighting       | 2 3 4 5 7 8 10 11 12 13 15 17 18 19 20 21 22 23 24 25 27 | 27.0
Transmutations | 3 4 5 7 8 9 10 11 12 14 15 17 18 19 20 21 22 23 26 | 26.7
Ice Magic      | 1 2 3 4 5 |  5.1
Unarmed Combat | 4 5 6 7 8 9 10 11 13 14 16 17 18 19 20 21 22 23 24 27 | 27.0
Conjurations   | 1 4 6 8 9 |  9.0
Spellcasting   | 4 5 7 8 11 12 14 | 14.0
Earth Magic    | 3 5 8 10 11 13 14 16 21 | 21.2

Action                   |  1- 3 |  4- 6 |  7- 9 | 10-12 | 13-15 | 16-18 | 19-21 | 22-24 | 25-27 || total
-------------------------+-------+-------+-------+-------+-------+-------+-------+-------+-------++-------
Melee: Unarmed           |    79 |   296 |   275 |   560 |  1163 |   909 |   958 |  1219 |  2425 ||  7884
       Kick              |    20 |    56 |    64 |     2 |     4 |       |       |       |       ||   146
       Headbutt          |    16 |    26 |    37 |     3 |     4 |       |       |       |       ||    86
       Tailslap          |     6 |    25 |    29 |     7 |    31 |   156 |   191 |   297 |   617 ||  1359
       Punch             |     2 |    11 |     9 |     6 |    15 |   108 |   142 |   255 |   543 ||  1091
       Staff             |       |       |       |       |    18 |    22 |     2 |       |       ||    42
       Bite              |       |       |       |       |    31 |   110 |   113 |   137 |    44 ||   435
 Cast: Beastly Appendage |    24 |    48 |    34 |     3 |     2 |       |       |       |       ||   111
       Ice Form          |       |       |     7 |    57 |   109 |     1 |       |       |       ||   174
       Spider Form       |       |       |       |       |     1 |     1 |       |       |     3 ||     5
       Irradiate         |       |       |       |       |     6 |     8 |     2 |     8 |     8 ||    32
       Dragon Form       |       |       |       |       |    19 |   130 |   108 |    71 |    33 ||   361
       Statue Form       |       |       |       |       |       |     1 |     9 |    50 |   262 ||   322
       Ozocubu's Armour  |       |       |       |       |       |       |     6 |     5 |     1 ||    12
       Blade Hands       |       |       |       |       |       |       |       |     1 |       ||     1
Invok: Heal Self         |       |       |       |     3 |       |     1 |       |       |       ||     4
       Divine Vigour     |       |       |       |       |       |     1 |       |       |       ||     1
       Divine Shield     |       |       |       |       |       |       |       |       |     1 ||     1
 Abil: Breathe Dispellin |       |       |     9 |     2 |     4 |     7 |     2 |     3 |     1 ||    28
Evoke: Wand              |       |       |     6 |       |    21 |     6 |       |       |       ||    33
  Use: Scroll            |       |    13 |     2 |     5 |    12 |     9 |    10 |     3 |    12 ||    66
       Potion            |       |     2 |     1 |     3 |     6 |    12 |     9 |       |    17 ||    50
 Stab: Paralysed         |       |       |     7 |       |       |       |       |       |       ||     7
       Sleeping          |       |       |     1 |     1 |       |       |       |       |       ||     2
Armor: Skin              |    18 |   124 |    46 |   166 |   488 |   668 |   548 |   726 |  1837 ||  4621
Dodge: Dodged            |    46 |   225 |   135 |   350 |   741 |   579 |   399 |   692 |  2493 ||  5660
       Repelled          |       |       |       |       |       |       |       |       |    48 ||    48
Block: Other             |       |       |    53 |   103 |    36 |       |       |       |    15 ||   207
       Reflection        |       |       |     1 |     4 |       |       |       |       |       ||     5

Table legend: (Time is in decaauts)
 A = Elapsed time spent in this place.
 B = Non-inter-level travel time spent in this place.
 C = Inter-level travel time spent in this place.
 D = Time resting spent in this place.
 E = Time spent auto-exploring this place.
 F = Levels seen in this place.
 G = Mean time per level.
                   A        B        C        D        E       F      G
               +--------+--------+--------+--------+--------+-----+--------+
         Total | 117679 | 110369 |   7310 |   5155 |  83960 |  74 | 1590.3 |
       Dungeon |  21814 |  19925 |   1889 |    575 |  16526 |  15 | 1454.3 |
        Temple |    278 |    178 |    100 |      0 |    164 |   1 |  278.0 |
          Lair |  13194 |  11934 |   1260 |    770 |   9192 |   6 | 2199.0 |
        Shoals |  10142 |   9721 |    421 |   1321 |   6909 |   4 | 2535.5 |
     Snake Pit |   8279 |   7808 |    471 |    769 |   5970 |   4 | 2069.8 |
    Slime Pits |   3881 |   3556 |    325 |    250 |   2643 |   5 |  776.2 |
  Orcish Mines |   4758 |   4415 |    343 |    223 |   3486 |   2 | 2379.0 |
   Elven Halls |   6480 |   6098 |    382 |    143 |   4775 |   3 | 2160.0 |
        Vaults |  12345 |  11136 |   1209 |    641 |   8638 |   5 | 2469.0 |
         Crypt |   5092 |   4700 |    392 |    104 |   3441 |   3 | 1697.3 |
        Depths |   8068 |   7603 |    465 |    359 |   6029 |   4 | 2017.0 |
          Hell |    615 |    567 |     48 |      0 |    375 |   1 |  615.0 |
         Abyss |   1073 |   1073 |      0 |      0 |     31 |   5 |  214.6 |
   Pandemonium |  19772 |  19772 |      0 |      0 |  14280 |  14 | 1412.3 |
         Sewer |    467 |    467 |      0 |      0 |    375 |   1 |  467.0 |
      Ice Cave |   1414 |   1414 |      0 |      0 |   1120 |   1 | 1414.0 |
               +--------+--------+--------+--------+--------+-----+--------+

Top non-repeatable levels by time:
Shoals:3: 3830 daAuts
  Lair:6: 3202 daAuts
   Elf:1: 2939 daAuts
  Lair:2: 2901 daAuts
Vaults:3: 2874 daAuts
Vaults:1: 2842 daAuts
   Orc:2: 2685 daAuts
Depths:3: 2517 daAuts
Shoals:1: 2514 daAuts
 Snake:4: 2464 daAuts
 Snake:1: 2351 daAuts
    D:12: 2339 daAuts
Vaults:5: 2334 daAuts
Depths:2: 2332 daAuts
     D:8: 2216 daAuts
